 Dungeon Crawl Stone Soup version 0.20-a0-871-g785f14b (console) character file.

65 Goblin1989 the Slasher (level 4, -1/36 HPs)
             Began as a Barachi Fighter on Mar 3, 2017.
             Slain by a jackal (2 damage)
             ... on level 2 of the Dungeon on Mar 15, 2017.
             The game lasted 00:05:26 (1231 turns).

Goblin1989 the Slasher (Barachi Fighter)            Turns: 1231, Time: 00:05:27

Health: -1/36      AC:  6    Str: 23    XL:     4   Next: 13%
Magic:  4/4        EV:  7    Int:  8    God:
Gold:   61         SH:  9    Dex: 12    Spells: 3/3 levels left

rFire    . . .     SeeInvis .   a - +0 long sword
rCold    . . .     Gourm    .   b - +0 scale mail
rNeg     . . .     Faith    .   c - +0 shield
rPois    .         Spirit   .   (no helmet)
rElec    .         Reflect  .   (no cloak)
rCorr    .         Harm     .   (no gloves)
MR       .....                  (no boots)
Stlth    ..........             (no amulet)
Regen    0.2/turn               (no ring)
MPRegen  0.1/turn               (no ring)

@: mighty, heavily drained, slow
A: +LOS, swims, slowness 1, strong legs 1
a: Hop


You were on level 2 of the Dungeon.
You were not hungry.

You visited 1 branch of the dungeon, and saw 2 of its levels.

You collected 61 gold pieces.

Inventory:

Hand Weapons
 a - a +0 long sword (weapon)
Missiles
 i - 6 curare-tipped needles
Armour
 b - a +0 scale mail (worn)
 c - a +0 shield (worn)
Scrolls
 q - a scroll of fear {unknown}
Potions
 d - a potion of might
 g - a potion of lignification {unknown}
 j - a potion of magic {unknown}
 k - a potion of curing {unknown}
 l - a potion of berserk rage {unknown}
 m - a potion of invisibility {unknown}
 n - a potion of resistance {unknown}
 o - a potion of haste {unknown}
 p - a potion of heal wounds {unknown}
 r - a potion of brilliance {unknown}
Comestibles
 e - 4 bread rations {@e1}
 f - a chunk of flesh
 h - a meat ration {@e2}


   Skills:
 - Level 3.6(2.2) Fighting
 + Level 5.1(3.7) Long Blades
 - Level 3.6(2.2) Armour
 - Level 3.2(1.8) Shields


You had 3 spell levels left.
You didn't know any spells.

Dungeon Overview and Level Annotations

Branches:
Dungeon (2/15)

Altars:


Innate Abilities, Weirdness & Mutations

Shadows flee at your approach. (+LOS)
You can swim through water.
You cover ground slowly.
You can hop short distances.


Message History

The jackal is severely wounded.
The jackal bites you.
* * * LOW HITPOINT WARNING * * *
You block the jackal's attack.
You take 3 damage, and have 11/29 hp.
You closely miss the jackal.
The jackal is severely wounded.
The jackal barely misses you. You block the goblin's attack.
You block the jackal's attack.
Your shield and scale mail prevent you from hitting the jackal.
The jackal is severely wounded.
The goblin barely misses you. The jackal bites you.
* * * LOW HITPOINT WARNING * * *
The goblin hits you but does no damage.
The jackal bites you but does no damage.
A jackal comes into view.
You take 1 damage, and have 10/29 hp.
The jackal barks!
You slash the goblin!
You kill the goblin!
You have reached level 4!
You feel agile.
The jackal bites you but does no damage. x2
You regained 2 hp, and now have 12/36 hp.
MP restored: 4 You barely miss the jackal.
The jackal is severely wounded.
You block the jackal's attack.
You hit the goblin but do no damage. The jackal bites you.
* * * LOW HITPOINT WARNING * * *
You block the jackal's attack. The goblin hits you but does no damage.
You barely miss the goblin. You block the jackal's attack.
The goblin hits you but does no damage. The jackal bites you.
* * * LOW HITPOINT WARNING * * *
You take 1 damage, and have 11/36 hp.
You hit the goblin.
The goblin is almost dead.
You block the goblin's attack.
The jackal bites you but does no damage.
You block the goblin's attack.
You slash the goblin!
You kill the goblin!
You block the jackal's attack.
You barely miss the goblin.
The jackal bites you but does no damage.
The goblin hits you but does no damage.
You feel very mighty all of a sudden.
The jackal bites you but does no damage. x2
You miss the jackal.
The jackal is moderately wounded.
The jackal closely misses you. You block the goblin's attack.
The jackal barely misses you.
You hit the jackal.
You kill the jackal!
The jackal bites you but does no damage.
The goblin closely misses you. You block the jackal's attack.
The goblin shoots a stone.
The stone barely misses you. You block the goblin's attack.
You completely miss the goblin.
The jackal bites you but does no damage.
The goblin shoots a stone.
The stone hits you but does no damage. You block the jackal's attack.
The goblin hits you but does no damage.
You barely miss the goblin. The jackal barely misses you.
The goblin hits you with a club.
* * * LOW HITPOINT WARNING * * *
You block the jackal's attack.
You take 2 damage, and have 10/36 hp.
You miss the goblin. You block the jackal's attack.
The goblin unwields an uncursed hunting sling.
The goblin hits you.
* * * LOW HITPOINT WARNING * * *
You block the goblin's attack.
You take 3 damage, and have 7/36 hp.
You slice the goblin!!
You kill the goblin!
You block the jackal's attack.
The jackal bites you but does no damage.
You closely miss the goblin. The jackal barely misses you. The goblin hits you.
* * * LOW HITPOINT WARNING * * *
The hobgoblin hits you but does no damage.
The jackal bites you.
* * * LOW HITPOINT WARNING * * *
You block the goblin's attack.
You take 4 damage, and have 3/36 hp.
You slash the hobgoblin!
You kill the hobgoblin!
You block the jackal's attack. The goblin hits you but does no damage.
The jackal barely misses you.
You closely miss the goblin.
The jackal bites you but does no damage.
The goblin hits you but does no damage.
You slash the goblin!
You kill the goblin!
The jackal bites you but does no damage.
The jackal bites you.
* * * LOW HITPOINT WARNING * * *
The worm barely misses you.
You take 3 damage, and have 1/36 hp.
You barely miss the worm. The jackal bites you.
You die...

.......█████...........███.██████
.█████.......(......█...██.█ █
.██......█..........█...██.█ █
..█......█..........██..██.██ ███
..........................(.███..
..█.................███..........
.[███████...........█ ██..█......
..█ █....██w██..████....█.███ .██
████...)██)@hr.............. ██
██....█..█████g.............. █
██..████...h........████......
████......................██.....
█....................███.w.<.....
.......................g.█.█.█.÷.
.█........>.............w....███.
.█......................███......
██................█.█........†██.


You could see a worm, a jackal, a goblin and a rat.

Vanquished Creatures
  A worm (D:2)
  2 dart slugs (D:1)
  3 leopard geckos
  2 giant cockroaches
  10 goblins
  6 hobgoblins
  6 jackals
  A ball python (D:2)
  5 bats
  3 frilled lizards
  5 kobolds (D:1)
  6 rats
50 creatures vanquished.

Notes
Turn   | Place    | Note
-------+----------+-------------------------------------------
     0 | D:1      | Goblin1989 the Barachian Fighter began the quest for the Orb.
     0 | D:1      | Reached XP level 1. HP: 18/18 MP: 1/1
    29 | D:1      | Reached skill level 3 in Long Blades
    29 | D:1      | Reached XP level 2. HP: 20/24 MP: 2/2
   236 | D:1      | Reached skill level 4 in Long Blades
   262 | D:1      | Reached XP level 3. HP: 29/29 MP: 3/3
   664 | D:2      | Upgraded the game from 0.20-a0-809-gaf7f668 to 0.20-a0-871-g785f14b
  1186 | D:2      | Reached skill level 5 in Long Blades
  1213 | D:2      | Reached XP level 4. HP: 12/36 MP: 4/4
  1230 | D:2      | HP: 1/36 [jackal (3)]
  1231 | D:2      | Slain by a jackal

Vault maps used:
D:1:      dpeg_arrival_shrine, minmay_domino_4
D:2:      kennysheep_the_goblin_king, nicolae_overflow_hidden_temple

Skill      XL: |  1  2  3 |
---------------+----------+-----
Long Blades    | 3 4 5 |  5.1
Fighting       | |  3.6
Armour         | |  3.6
Shields        | |  3.2

Action                   |  1- 3 |  4- 6 || total
-------------------------+-------+-------++-------
Melee: Long sword        |   166 |    17 ||   183
  Use: Potion            |       |     1 ||     1
  Eat: Chunk             |     2 |       ||     2
Armor: Scale mail        |    96 |    18 ||   114
Dodge: Dodged            |    52 |     8 ||    60
Block: Shield            |    93 |    16 ||   109
       Rpst.: Long sword |    15 |       ||    15

Vault maps used:
D:1:      dpeg_arrival_shrine, minmay_domino_4
D:2:      kennysheep_the_goblin_king, nicolae_overflow_hidden_temple
